 Dungeon Crawl Stone Soup version 0.29-a0-334-gb41bcbb86e (webtiles) character file.

Game seed: 12567910216852209763

161 Gerhazo the Digger (level 5, -1/28 HPs)
             Began as a Gargoyle Earth Elementalist on Apr 15, 2022.
             Slain by a gnoll sergeant
             ... wielding a +3 vorpal trident
              (4 damage)
             ... on level 4 of the Dungeon.
             The game lasted 00:03:27 (1616 turns).

Gerhazo the Digger (Gargoyle Earth Elementalist)    Turns: 1616, Time: 00:03:28

Health: -1/28      AC: 12    Str: 11    XL:     5   Next: 42%
Magic:  3/9        EV: 11    Int: 18    God:
Gold:   56         SH:  0    Dex: 10    Spells: 8/9 levels left

rFire   + . .      SeeInvis .   f - +0 dagger
rCold   . . .      Faith    .   (no shield)
rNeg    + . .      Spirit   .   k - +0 leather armour {rF+}
rPois   ∞          Reflect  .   (no helmet)
rElec   +          Harm     .   (no cloak)
rCorr   .          Rampage  .   (no gloves)
Will    .....                   h - +0 pair of boots
Stlth   ++........              (no amulet)
HPRegen 0.09/turn               n - +4 ring of protection
MPRegen 0.11/turn               (no ring)

@: no status effects
A: sickness immunity, AC +4, negative energy resistance 1, electricity
resistance, torment resistance 1, petrification resistance
a: no special abilities


You were on level 4 of the Dungeon.
You visited 1 branch of the dungeon, and saw 4 of its levels.

You collected 56 gold pieces.

Inventory:

Hand Weapons
 f - a +0 dagger (weapon)
Missiles
 a - 23 stones
 p - a throwing net
Armour
 h - a +0 pair of boots (worn)
 k - a +0 leather armour of fire resistance (worn)
Jewellery
 n - a +4 ring of protection (left hand)
Scrolls
 b - a scroll of identify {unknown}
 e - a scroll of blinking {unknown}
 g - a scroll of amnesia {unknown}
 i - a scroll of enchant armour {unknown}
 j - a scroll of fear {unknown}
 l - a scroll of magic mapping {unknown}
 m - a scroll of noise {unknown}
Potions
 c - a potion of magic
 d - a potion of might {unknown}
Miscellaneous
 o - a piece from Xom's chessboard (15/15)


   Skills:
 + Level 2.4 Dodging
 - Level 2.1 Stealth
 + Level 2.8 Spellcasting
 + Level 2.2 Conjurations
 - Level 0.7 Transmutations
 * Level 5.3 Earth Magic


You had 8 spell levels left.
You knew the following spells:

 Your Spells              Type           Power      Damage    Failure   Level
a - Sandblast             Erth           42%        2d11      2%          1

Your spell library contained the following spells:

 Spells                   Type           Power      Damage    Failure   Level
 Passwall                 Tmut/Erth      10%        N/A       10%         2
 Stone Arrow              Conj/Erth      32%        3d9       14%         3
 Scorch                   Fire           4%         2d5       32%         2
 Petrify                  Tmut/Erth      13%        N/A       54%         4
 Flame Wave               Conj/Fire      6%         2d5       80%         4
 Summon Cactus Giant      Summ           1%         N/A       100%        6


Dungeon Overview and Level Annotations

Branches:
Dungeon (4/15)
 Temple: D:4-7

Altars:
Xom


Innate Abilities, Weirdness & Mutations

You are immune to sickness and miasma.
Your stone body is resilient. (AC +4)
You are immune to poison.
You resist negative energy. (rN+)
You are resistant to electric shocks. (rElec)
You are resistant to unholy torment.
You are immune to petrification.


Message History

Aim: a scorpion (81% to hit)
The blast of sand hits the scorpion.
The scorpion is lightly wounded.
Unknown command.
Aiming: Sandblast (safe; 2% risk of failure)
Press: ? - help, Q - select action, (/) - cycle Shift-Dir - straight line, f/p - scorpion
Aim: a scorpion (lightly wounded, 81% to hit)
You miscast Sandblast.
You are very lightly contaminated with residual magic.
Nothing appears to happen.
The scorpion stings you.
Aiming: Sandblast (safe; 2% risk of failure)
Press: ? - help, Q - select action, (/) - cycle Shift-Dir - straight line, f/p - scorpion
Aim: a scorpion (lightly wounded, 81% to hit)
The blast of sand hits the scorpion!
The scorpion is almost dead.
The scorpion stings you.
Aiming: Sandblast (safe; 2% risk of failure)
Press: ? - help, Q - select action, (/) - cycle Shift-Dir - straight line, f/p - scorpion
Aim: a scorpion (almost dead, 81% to hit)
The blast of sand hits the scorpion!
You kill the scorpion!
Your Conjurations skill increases to level 2!
You have reached level 5!
Your magical contamination has completely faded away.
Found a dented zirconium amulet.
Found a stone staircase leading up.
A gnoll sergeant comes into view. It is wielding a +3 vorpal trident.
The gnoll sergeant closely misses you.
You hear the brisk rusting of a distant drain.
The gnoll sergeant hits you from afar with a +3 vorpal trident!
Ouch! That really hurt!
* * * LOW HITPOINT WARNING * * *
x2
Aiming: Sandblast (safe; 2% risk of failure)
Press: ? - help, Q - select action, (/) - cycle Shift-Dir - straight line, f - gnoll sergeant
Aim: a gnoll sergeant, wielding a +3 vorpal trident and wearing a +0 ring mail (86% to hit)
The blast of sand hits the gnoll sergeant.
The gnoll sergeant is lightly wounded.
The gnoll sergeant hits you from afar with a +3 vorpal trident.
You die...

#. .. #.#.. #...# ..#..
#.#.# # ##+#.#.# ...
#....#g#".###
+.......<....
#...@#.###### ##.#.#...
######.#.#.#####
.....)..........#
########......#.#
#......#.#.#
##+#.....#.# #
#.#.#...#.# .#.#
########.#.......##.#.#


You could see a gnoll sergeant.

Vanquished Creatures
  A scorpion (D:4)
  5 gnolls
  2 adders (D:3)
  A dart slug (D:1)
  6 bats
  2 endoplasms
  5 goblins (D:1)
  A hobgoblin (D:1)
  3 jackals (D:1)
  7 kobolds
  A quokka (D:3)
  3 ball pythons
  2 frilled lizards (D:1)
  4 rats
43 creatures vanquished.

Vanquished Creatures (others)
  7 plants (D:4)
7 creatures vanquished.

Grand Total: 50 creatures vanquished

Notes
Turn   | Place    | Note
-------+----------+-------------------------------------------
     0 | D:1      | Gerhazo the Gargoyle Earth Elementalist began the quest for
                  | the Orb.
     0 | D:1      | Reached XP level 1. HP: 10/10 MP: 3/3
   192 | D:1      | Reached XP level 2. HP: 15/15 MP: 0/5
   301 | D:1      | Reached skill level 4 in Earth Magic
   594 | D:1      | Reached skill level 1 in Conjurations
   683 | D:1      | Reached XP level 3. HP: 19/19 MP: 4/6
  1270 | D:3      | Found a shimmering altar of Xom.
  1343 | D:4      | Reached XP level 4. HP: 24/24 MP: 3/7
  1569 | D:4      | Reached skill level 5 in Earth Magic
  1598 | D:4      | Noticed a scorpion
  1604 | D:4      | Killed a scorpion
  1605 | D:4      | Reached XP level 5. HP: 20/28 MP: 3/9
  1616 | D:4      | Slain by a gnoll sergeant

Illustrated notes

Levels and vault maps discovered:
D:1:      mainiacjoe_arrival_reflecting_pool, layout_loops_ring,
          chequers_serial_rivers_room_a
D:2:      layout_basic, hellmonk_ecumenical_altar_watching_god,
          uniq_crazy_yiuf_cottage, uniq_terence, uniq_jessica
D:3:      layout_basic, xom_butterflies, kennysheep_crisscross
D:4:      layout_basic, lightli_sewer_entry_pipes, serial_shops, shop,
          corexii_checkpoint_a, nicolae_grassy_gnolls, uniq_ijyb

Skill      XL: |  1  2  3  4 |
---------------+-------------+-----
Earth Magic    | 4 5 |  5.3
Conjurations   | 1 2 |  2.2
Dodging        | 2 |  2.4
Stealth        | |  2.1
Spellcasting   | |  2.8
Transmutations | |  0.7

Action                   |  1- 3 |  4- 6 || total
-------------------------+-------+-------++-------
Melee: Unarmed           |     3 |       ||     3
       Dagger            |    23 |     2 ||    25
 Cast: Sandblast         |    45 |    12 ||    57
 Stab: Sleeping          |     1 |       ||     1
Armor: Robe              |     8 |       ||     8
       Leather armour    |    18 |     3 ||    21
Dodge: Dodged            |    38 |     4 ||    42

Table legend: (Time is in decaauts)
 A = Elapsed time spent in this place.
 B = Non-inter-level travel time spent in this place.
 C = Inter-level travel time spent in this place.
 D = Time resting spent in this place.
 E = Time spent auto-exploring this place.
 F = Levels seen in this place.
 G = Mean time per level.
                   A        B        C        D        E       F      G
               +--------+--------+--------+--------+--------+-----+--------+
         Total |   1615 |   1580 |     35 |    168 |   1050 |   4 |  403.8 |
       Dungeon |   1615 |   1580 |     35 |    168 |   1050 |   4 |  403.8 |
               +--------+--------+--------+--------+--------+-----+--------+

Top non-repeatable levels by time:
     D:1: 1063 daAuts
     D:3: 434 daAuts
     D:4: 78 daAuts
     D:2: 39 daAuts
